Map: Amphion LE

Players

SLicKcHeeZEE

  • Race: Zerg Zerg
  • Spawn Location: 7:00

A.I. 1 (Very Hard) - Winner!

  • Race: Terran Terran
  • Spawn Location: 11:00

VOD

Have the link to the VOD?

Description

Time

  • Played on: Sept. 2, 2026, 11:31 p.m.
  • Length: 18:29
Show
View Real Time Build Order
Export as new Build Order

SLicKcHeeZEE Zerg 

Build Orders: Hatch First, Roach Hydra 

Get SALT Encoding   

  8  0:01  Drone  
  9  0:11  Drone  
  10  0:18  Drone  
  11  0:29  Overlord  
  11  0:34  Drone  
  12  0:47  Drone x2  
  14  0:51  Drone  
  15  1:14  Hatchery  
  15  1:18  Drone  
  15  1:23  Drone  
  16  1:37  Spawning Pool  
  15  1:40  Extractor  
  15  1:43  Drone  
  15  1:46  Drone  
  16  1:50  Drone  
  17  1:56  Drone  
  18  2:04  Overlord  
  18  2:13  Drone  
  19  2:24  Queen  
  21  2:31  Queen  
  21  2:35  Drone  
  24  2:38  Drone  
  25  2:45  Overlord  
  25  2:49  Drone  
  26  2:52  Drone  
  26  2:56  Drone  
  28  2:58  Drone  
  28  3:02  Drone  
  30  3:13  Lair  
  30  3:20  Roach Warren  
  30  3:22  Extractor  
  30  3:23  Drone  
  30  3:25  Drone  
  30  3:30  Overlord  
  30  3:37  Drone x2  
  30  3:38  Drone  
  33  3:44  Drone x2  
  33  3:45  Drone  
  36  3:50  Drone  
  37  4:00  Roach x3  
  37  4:02  Roach  
  45  4:17  Hydralisk Den  
  44  4:36  Extractor  
  44  4:38  Evolution Chamber  
  42  4:39  Hatchery  
  42  4:41  Evolution Chamber  
  40  4:52  Drone x2  
  42  4:53  Overlord x2  
  42  4:55  Hydralisk  
  42  4:56  Hydralisk  
  46  5:00  Grooved Spines  
  46  5:05  Glial Reconstitution  
  46  5:09  Zerg Ground Armor Level 1  
  46  5:16  Drone x3  
  46  5:17  Overlord  
  49  5:25  Zerg Missile Weapons Level 1  
  49  5:28  Queen  
  51  5:36  Drone x4  
  51  5:37  Extractor  
  51  5:38  Overlord  
  54  5:51  Muscular Augments  
  54  6:20  Roach x2  
  54  6:21  Roach, Hydralisk x2  
  54  6:23  Hydralisk, Roach x3  
  54  6:24  Roach  
  74  6:25  Overlord  
  74  6:26  Overlord  
  74  6:33  Drone x3  
  77  7:01  Roach x4, Hydralisk  
  83  7:02  Hydralisk  
  83  7:04  Roach x2, Hydralisk  
  83  7:06  Roach x2  
  99  7:15  Overlord  
  99  7:28  Drone  
  100  7:41  Overlord x2  
  100  7:42  Overlord  
  100  8:11  Hatchery  
  79  8:30  Zerg Ground Armor Level 2  
  79  8:31  Zerg Missile Weapons Level 2  
  79  8:37  Infestation Pit  
  78  8:46  Queen  
  80  8:50  Roach  
  80  8:51  Roach x3  
  80  8:52  Hydralisk x2  
  80  8:54  Roach x3, Hydralisk x2  
  80  8:55  Hydralisk x2, Roach x3  
  110  8:56  Roach x2  
  110  9:01  Overlord  
  116  9:23  Hive  
  116  9:44  Roach x3, Hydralisk x2  
  116  9:45  Roach x2  
  130  9:46  Roach, Hydralisk x2  
  130  9:47  Roach  
  130  9:51  Drone x2  
  140  10:19  Roach x2  
  144  10:23  Overlord x3  
  144  10:24  Overlord x2  
  144  10:54  Extractor  
  143  11:07  Hydralisk x2, Roach  
  143  11:08  Roach x3, Hydralisk x2  
  143  11:09  Roach x2  
  143  11:10  Roach x3, Hydralisk  
  171  11:15  Overlord  
  171  11:18  Drone x2  
  171  11:19  Drone  
  174  12:02  Zerg Ground Armor Level 3  
  174  12:03  Zerg Missile Weapons Level 3  
  174  12:50  Ravager x5  
  74  13:34  Hydralisk  
  74  13:35  Hydralisk x28  
  68  14:50  Roach x8, Hydralisk  
  68  14:51  Hydralisk x10  
  88  15:23  Extractor  
  87  15:30  Roach x2  
  87  15:31  Roach x2  
  87  15:32  Roach x3, Hydralisk x2  
  105  16:13  Extractor  
  105  16:15  Extractor  
  47  16:47  Hatchery  
  47  16:51  Hatchery  
  45  17:33  Hydralisk  
  45  17:34  Hydralisk x16  
  45  17:35  Hydralisk x7  
  78  18:22  Hatchery  
Show
View Real Time Build Order
Export as new Build Order

A.I. 1 (Very Hard) Terran - Winner!

Build Orders:  

Get SALT Encoding   

  8  0:00  SCV  
  9  0:13  SCV  
  10  0:25  SCV  
  11  0:36  Supply Depot  
  11  0:37  SCV  
  12  0:49  SCV  
  13  1:00  Barracks  
  13  1:11  Barracks  
  13  1:25  Barracks  
  13  1:28  SCV  
  14  1:41  SCV  
  15  1:47  Marine  
  16  1:59  Barracks  
  16  2:01  Marine  
  16  2:06  Marine  
  18  2:11  Marine  
  19  2:19  Marine  
  20  2:26  Supply Depot  
  20  2:27  Marine  
  21  2:47  Marine x4  
  25  2:57  Refinery  
  25  3:00  SCV  
  25  3:05  Marine  
  27  3:12  SCV  
  28  3:24  SCV  
  29  3:27  Supply Depot  
  29  3:48  SCV  
  29  3:50  Refinery  
  30  4:00  SCV  
  30  4:02  Factory  
  31  4:12  SCV  
  32  4:25  SCV  
  32  4:30  Barracks Tech Lab  
  33  4:34  Barracks Tech Lab  
  33  4:37  SCV  
  34  4:46  Supply Depot  
  34  4:49  SCV, Starport  
  37  4:52  Marauder  
  37  5:02  Orbital Command  
  37  5:08  Marauder  
  37  5:13  Supply Depot  
  39  5:19  Marauder  
  41  5:27  SCV  
  42  5:30  Marauder  
  44  5:39  SCV  
  44  5:40  Marauder, Stimpack  
  47  5:46  Supply Depot  
  47  5:52  SCV  
  48  6:04  Marine, Barracks Reactor, Marauder x2  
  53  6:19  Command Center  
  53  6:25  Marine, Marauder  
  56  6:33  Supply Depot, Marine  
  59  6:47  Marauder  
  59  6:52  Marauder  
  61  6:54  Factory Tech Lab  
  61  7:01  Supply Depot  
  61  7:04  Combat Shield  
  61  7:14  Engineering Bay  
  61  7:16  Siege Tank  
  61  7:20  Concussive Shells  
  64  7:32  SCV x2  
  66  7:41  Terran Infantry Weapons Level 1  
  66  7:44  SCV x2  
  67  7:48  Siege Tank  
  70  7:56  SCV  
  70  7:57  SCV  
  72  8:05  Refinery  
  72  8:07  Marauder  
  72  8:08  SCV  
  72  8:09  SCV, Marauder  
  72  8:12  Marine  
  65  8:15  Marine  
  65  8:17  Marine  
  49  8:20  SCV  
  49  8:26  SCV  
  51  8:28  Marine  
  51  8:30  Marine  
  51  8:31  Marauder  
  51  8:32  SCV, Marine  
  57  8:35  Marine  
  57  8:39  SCV  
  59  8:44  SCV  
  59  8:46  Marine  
  59  8:48  Marine  
  62  8:50  Marine  
  62  8:51  SCV  
  62  8:52  Marauder  
  66  8:56  SCV  
  66  9:01  Marine  
  68  9:04  SCV, Marauder  
  68  9:06  Marine  
  68  9:08  SCV  
  73  9:13  Marauder  
  73  9:14  Marine  
  73  9:16  SCV  
  77  9:19  Marine  
  77  9:20  SCV  
  77  9:21  Supply Depot  
  79  9:26  Marauder  
  79  9:28  SCV  
  82  9:32  Siege Tank  
  82  9:33  SCV  
  82  9:35  Marauder  
  88  9:40  SCV  
  89  9:47  Marauder  
  89  9:48  Supply Depot  
  91  9:56  Marauder  
  93  10:01  Terran Infantry Armor Level 1  
  93  10:04  Siege Tank  
  96  10:07  Engineering Bay  
  96  10:08  Marauder  
  96  10:09  Orbital Command  
  96  10:14  Supply Depot  
  98  10:17  Marauder  
  98  10:20  Missile Turret  
  100  10:22  Missile Turret  
  100  10:23  Starport Reactor  
  100  10:28  Marine  
  101  10:30  Marauder  
  101  10:33  Marine  
  104  10:37  Siege Tank  
  104  10:39  Marauder  
  104  10:40  Supply Depot  
  109  10:48  Missile Turret  
  109  10:58  Factory  
  109  10:59  Medivac  
  109  11:01  Medivac  
  109  11:03  Starport  
  113  11:05  Supply Depot  
  113  11:09  Widow Mine  
  115  11:15  Missile Turret  
  115  11:19  Command Center  
  115  11:29  Medivac  
  115  11:30  Widow Mine  
  115  11:31  Supply Depot  
  119  11:37  Missile Turret  
  119  11:40  Starport Tech Lab  
  119  11:41  Hi-Sec Auto Tracking  
  119  11:42  Widow Mine  
  121  11:50  Refinery  
  121  11:51  Siege Tank  
  124  11:55  Supply Depot  
  124  12:00  Raven, Factory  
  126  12:03  Hellion  
  128  12:08  Infernal Pre-Igniter  
  128  12:19  Supply Depot  
  128  12:21  Armory  
  128  12:24  Widow Mine  
  128  12:25  Factory Tech Lab  
  130  12:32  SCV  
  130  12:33  SCV x2  
  133  12:45  SCV, Hellion  
  133  12:46  SCV  
  133  12:47  SCV  
  138  12:52  Hellion  
  138  12:56  Hellion  
  138  12:57  SCV  
  143  12:58  SCV  
  143  12:59  SCV  
  145  13:07  Hellion  
  145  13:09  SCV  
  145  13:10  Terran Vehicle And Ship Armor Level 1  
  145  13:12  SCV  
  149  13:13  Cyclone  
  149  13:14  SCV  
  149  13:18  Hellion  
  150  13:20  Armory  
  150  13:21  SCV, Marauder  
  150  13:22  Missile Turret  
  150  13:23  Missile Turret  
  150  13:24  SCV, Marauder  
  150  13:27  Orbital Command, Supply Depot  
  135  13:29  Refinery, Marine x2  
  135  13:32  Marine  
  122  13:35  SCV  
  122  13:36  Hellion  
  122  13:39  Hellion  
  116  13:42  Marine  
  116  13:45  Siege Tank, SCV  
  116  13:46  Marauder  
  116  13:47  SCV, Marine  
  118  13:52  SCV  
  117  13:56  Marine  
  117  13:57  Hellion  
  117  13:58  SCV, Marine  
  117  14:00  SCV  
  123  14:04  SCV  
  123  14:05  Hellion  
  126  14:10  Terran Vehicle Weapons Level 1  
  126  14:14  Marine  
  126  14:16  Marine  
  128  14:18  Hellion, Siege Tank  
  132  14:26  SCV, Marine, Hellion  
  136  14:31  Marine  
  136  14:32  Marine  
  136  14:33  Marine  
  136  14:35  Marine  
  127  14:39  Cyclone  
  127  14:42  SCV  
  127  14:44  Marine  
  112  14:48  Widow Mine  
  112  14:49  Marine  
  112  14:50  Siege Tank, Marine  
  112  14:51  Marine  
  110  14:55  Terran Infantry Weapons Level 2  
  110  14:57  Medivac  
  112  15:00  Raven  
  114  15:09  Medivac, Hellion  
  114  15:11  Widow Mine  
  120  15:14  Command Center  
  120  15:20  Neosteel Armor  
  120  15:22  Siege Tank  
  120  15:27  Medivac  
  125  15:31  Hellion, Refinery  
  125  15:32  Cyclone  
  125  15:35  Raven  
  132  15:37  Factory  
  132  15:40  Marine  
  132  15:41  Marine  
  134  15:43  Marine  
  134  15:44  Marine  
  134  15:45  Marine  
  137  15:53  Factory Tech Lab  
  137  15:54  Siege Tank  
  140  15:58  Marine  
  140  15:59  Marine  
  142  16:04  Thor  
  150  16:11  Hellion  
  150  16:17  Supply Depot  
  150  16:18  Missile Turret  
  150  16:19  Missile Turret  
  150  16:21  Hellion  
  148  16:25  Marine  
  148  16:27  Hellion, SCV  
  148  16:28  SCV x3  
  148  16:32  Siege Tank  
  151  16:38  Refinery  
  151  16:39  Missile Turret, SCV  
  152  16:40  SCV  
  152  16:41  Missile Turret, SCV x2  
  152  16:42  Hellion  
  152  16:43  Refinery  
  157  16:47  Siege Tank  
  157  16:48  Hellion, Command Center  
  157  16:52  SCV  
  157  16:53  Planetary Fortress  
  163  17:02  SCV x2  
  163  17:04  Hellion, Siege Tank  
  170  17:09  Marine, Siege Tank  
  170  17:13  Supply Depot  
  174  17:19  Marine, Siege Tank  
  174  17:20  Marine  
  174  17:21  Marine  
  180  17:40  Viking  
  180  17:41  Thor  
  188  17:45  Viking  
  188  17:47  Missile Turret  
  188  17:49  Viking  
  192  17:56  Widow Mine  
  192  17:57  Widow Mine  
  196  18:08  Refinery  
  198  18:15  Missile Turret, Command Center  
  198  18:21  Ghost Academy  
  198  18:23  Missile Turret  
  198  18:24  Missile Turret  
  198  18:27  Missile Turret, Refinery  
Tags
 
Composition
Roach Hydra
Matchup
TvZ
Spawn Locations
Close Positions
Add a new tag
Caveats
  • Supply blocks, unpowered buildings, or Contaminate may cause inaccurate times.
  • Supply counts are checked every 10 seconds.